 Dungeon Crawl Stone Soup version 0.28.0-53-g5a82cb258f (webtiles) character file.

Game seed: 8627102653480104431

161 Ashen the Magician (level 5, 0/38 HPs)
             Began as a Mummy Fire Elementalist on July 13, 2022.
             Slain by Pargi (1 damage)
             ... in a sewer.
             The game lasted 00:03:09 (2531 turns).

Ashen the Magician (Mummy Fire Elementalist)        Turns: 2531, Time: 00:03:10

Health: 0/38       AC:  3    Str: 12    XL:     5   Next: 19%
Magic:  9/10       EV: 12    Int: 16    God:
Gold:   38         SH:  0    Dex: 12    Spells: 4/11 levels left

rFire   x . .      SeeInvis .   e - +2 dagger (venom)
rCold   + . .      Faith    .   (no shield)
rNeg    + + +      Spirit   .   a - +0 robe
rPois   ∞          Reflect  .   (no helmet)
rElec   .          Harm     .   (no cloak)
rCorr   +          Rampage  .   d - +0 pair of gloves
Will    .....                   (no boots)
Stlth   ++........              (no amulet)
HPRegen 0.12/turn               h - ring of resist corrosion
MPRegen 0.12/turn               (no ring)

@: no status effects
A: cold resistance 1, negative energy resistance 3, torment resistance 2, heat
vulnerability 1, no potions
a: no special abilities


You were in a sewer.
You visited 1 branch of the dungeon, and saw 3 of its levels.
You also visited: Sewer.

You collected 38 gold pieces.

Inventory:

Hand Weapons
 b - a +0 whip of venom
 e - a +2 dagger of venom (weapon)
Armour
 a - a +0 robe (worn)
 d - a +0 pair of gloves (worn)
Jewellery
 h - a ring of resist corrosion (left hand)
Scrolls
 c - 3 scrolls of identify {unknown}
 f - a scroll of silence {unknown}
 g - 2 scrolls of teleportation {unknown}
 i - a scroll of fog {unknown}
 j - 2 scrolls of blinking {unknown}


   Skills:
 + Level 1.9 Fighting
 + Level 2.1 Dodging
 + Level 2.3 Stealth
 + Level 3.7 Spellcasting
 + Level 1.7 Conjurations
 + Level 3.0 Fire Magic


You had 4 spell levels left.
You knew the following spells:

 Your Spells              Type           Power      Damage    Failure   Level
a - Foxfire               Conj/Fire      40%        2x1d6     7%          1
b - Scorch                Fire           24%        2d6       8%          2
c - Flame Wave            Conj/Fire      10%        2d5       54%         4

Your spell library contained the following spells:

 Spells                   Type           Power      Damage    Failure   Level
 Conjure Flame            Conj/Fire      10%        6-21      21%         3
 Inner Flame              Hex/Fire       7%         N/A       28%         3


Dungeon Overview and Level Annotations

Branches:
Dungeon (3/15)              Sewer (1/1)

Altars:
Ru

Annotations:
Sewer Pargi


Innate Abilities, Weirdness & Mutations

You are immune to poison.
Your flesh is cold resistant. (rC+)
You are immune to negative energy. (rN+++)
You are immune to unholy pain and torment.
You are vulnerable to heat. (rF-)
You do not drink.


Message History

Confirm with . or Enter, or press ? or * to list all spells.
The spell is extremely dangerous to miscast (54% risk of failure)!
Continue anyway?
Okay, then.
You hit Pargi.
Pargi is lightly wounded.
Pargi misses you. Pargi claws you but does no damage. Pargi claws you.
You hit Pargi.
Pargi is moderately wounded.
Pargi closely misses you. Pargi claws you. x2
You hit Pargi.
Pargi is poisoned.
Pargi is moderately wounded.
Pargi bites you. Pargi claws you but does no damage. x2
You barely miss Pargi.
Pargi is moderately wounded.
Pargi is no longer more vulnerable to fire.
Pargi bites you. Pargi barely misses you. Pargi claws you but does no damage.
You closely miss Pargi.
Pargi is moderately wounded.
Pargi barely misses you. Pargi claws you but does no damage.
Pargi closely misses you.
You barely miss Pargi.
Pargi is moderately wounded.
Pargi bites you. Pargi claws you but does no damage. x2
You closely miss Pargi.
Pargi is moderately wounded.
Pargi barely misses you. Pargi claws you but does no damage.
Pargi completely misses you.
You hit Pargi.
Pargi looks even sicker.
Pargi is moderately wounded.
Pargi bites you.
* * * LOW HITPOINT WARNING * * *
Pargi barely misses you. Pargi claws you but does no damage.
You can't drink.
Unknown command.
You hit Pargi.
Pargi looks as sick as possible!
Pargi is moderately wounded.
Pargi bites you.
* * * LOW HITPOINT WARNING * * *
Pargi claws you.
You die...

## ############ #. #∩##.##.##(#
#. #.##.##.##.#
#+##+##'##.##'##'##'#
######.........T@........#######
≈≈≈≈≈#≈≈≈≈≈≈≈≈≈.≈≈≈≈≈≈≈≈≈#≈≈≈≈≈≈
≈≈≈≈≈#≈≈≈≈≈≈≈≈≈∩≈≈≈≈≈≈≈≈≈#≈≈≈≈≈≈
≈≈≈≈≈#≈≈≈≈≈≈≈≈≈.≈≈≈≈≈≈≈≈≈#≈≈≈≈≈≈
#...................#######
#'##'##'##)##'##'##'#
#.##.##.##.##)##.##.#
#.##.##(##.##.##.##!#
#####################


You could see Pargi (extremely poisoned).

Vanquished Creatures
  A necrophage (D:2)
  An adder (D:2)
  A worm (D:3)
  3 dart slugs
  3 endoplasms
  5 giant cockroaches
  7 goblins
  3 jackals (D:3)
  3 quokkas (D:3)
  4 ball pythons
  3 bats (D:1)
  5 frilled lizards (D:1)
  9 kobolds
  5 rats
53 creatures vanquished.

Vanquished Creatures (others)
  32 foxfires
32 creatures vanquished.

Grand Total: 85 creatures vanquished

Notes
Turn   | Place    | Note
-------+----------+-------------------------------------------
     0 | D:1      | Ashen the Mummy Fire Elementalist began the quest for the
                  | Orb.
     0 | D:1      | Reached XP level 1. HP: 13/13 MP: 4/4
   519 | D:1      | Reached XP level 2. HP: 20/20 MP: 2/5
   609 | D:1      | Reached skill level 1 in Conjurations
  1190 | D:1      | Reached XP level 3. HP: 21/25 MP: 7/7
  1293 | D:2      | Found a faded altar of an unknown god.
  1300 | D:2      | Reached skill level 1 in Fighting
  1379 | D:2      | Found a sacrificial altar of Ru.
  1394 | D:2      | Noticed a necrophage
  1414 | D:2      | Killed a necrophage
  1415 | D:2      | Reached XP level 4. HP: 12/33 MP: 0/9
  1418 | D:2      | Learned a level 2 spell: Scorch
  1423 | D:2      | Learned a level 4 spell: Flame Wave
  1732 | D:2      | Reached XP level 5. HP: 30/38 MP: 10/10
  2289 | D:3      | Found a glowing drain.
  2352 | Sewer    | Entered a sewer
  2515 | Sewer    | Noticed Pargi
  2531 | Sewer    | HP: 1/38 [Pargi (6)]
  2531 | Sewer    | Slain by Pargi

Illustrated notes

Levels and vault maps discovered:
D:1:      amcnicky_arrival_blooded_trapdoor, layout_basic,
          minmay_tree_intersection, minmay_tetromino_s2
D:2:      layout_loops_cross, basic_altar,
          shapermc_ecumenical_altar_starsandcircs
D:3:      layout_rooms, gup_sewer_entry_bubbles, minmay_misc_feat_hallway,
          uniq_jessica
Sewer:    kennysheep_door_sewer

Skill      XL: |  1  2  3  4  5 |
---------------+----------------+-----
Conjurations   | 1 |  1.7
Spellcasting   | 3 |  3.7
Fighting       | 1 |  1.9
Dodging        | 2 |  2.1
Stealth        | 2 |  2.3
Fire Magic     | 3 |  3.0

Action                   |  1- 3 |  4- 6 || total
-------------------------+-------+-------++-------
Melee: Whip              |    15 |       ||    15
       Dagger            |    36 |    69 ||   105
 Cast: Foxfire           |    19 |       ||    19
       Scorch            |       |     1 ||     1
 Stab: Sleeping          |     3 |     3 ||     6
Armor: Robe              |    15 |    19 ||    34
Dodge: Dodged            |    34 |    34 ||    68
